[ AOE2 MATCH · #495694642 ]
UnrankedTurks vs Poles
Player's team · LOSS
Rival team · WIN
[ REPLAY ANALYSIS · EXTRACTED FROM THE RECORDED GAME ]
Feudal
13:23
Castle
17:25
Imperial
23:59
| APM avg | 25.3 |
| APM peak | 61 |
| eAPM avg | 11.8 |
| Villagers / military | 72 / 85 |
Focus
⚔️ 35.8% · 🌾 64.2%
Janissary ×54 · Camel Scout ×24 · Bombard Cannon ×5 · Monk ×2
Feudal
11:23
Castle
15:18
Imperial
29:20
| APM avg | 21.3 |
| APM peak | 58 |
| eAPM avg | 13.2 |
| Villagers / military | 137 / 235 |
Focus
⚔️ 25.1% · 🌾 74.9%
Knight ×223 · Battering Ram ×9 · Spearman ×3
Match map
Initial resources + every placement click. Lines = walls · curves = elevation contours. ◆ gold · ⬟ stone · ● berries · ✦ relic · ◌ wall gap
Your base· ✓ Closed at 17:25 · 0t walls · 2 gate(s)
Lord Frosch's base· ✓ Closed at 15:18 · 0t walls · 3 gate(s)
Smoothed initial terrain · ◌ = detected wall gap · hover for details
Inputs per minute
— RH450 - - Lord Frosch
Build order — RH450
First 150 of 248 actions detected
| 0:01 | Queue | Villager (Male) |
| 0:01 | Queue | Villager (Male) |
| 0:04 | Build | House |
| 0:06 | Build | House |
| 0:18 | Queue | Villager (Male) |
| 0:18 | Queue | Villager (Male) |
| 0:18 | Queue | Villager (Male) |
| 1:29 | Queue | Villager (Male) |
| 1:29 | Queue | Villager (Male) |
| 1:52 | Build | House |
| 2:02 | Queue | Villager (Male) |
| 2:02 | Queue | Villager (Male) |
| 2:23 | Build | Lumber Camp |
| 2:29 | Queue | Villager (Male) |
| 2:29 | Queue | Villager (Male) |
| 2:52 | Queue | Villager (Male) |
| 2:52 | Queue | Villager (Male) |
| 3:10 | Queue | Villager (Male) |
| 3:10 | Queue | Villager (Male) |
| 3:29 | Build | House |
| 3:53 | Queue | Villager (Male) |
| 3:53 | Queue | Villager (Male) |
| 4:21 | Queue | Villager (Male) |
| 4:22 | Queue | Villager (Male) |
| 4:47 | Queue | Villager (Male) |
| 4:48 | Queue | Villager (Male) |
| 5:20 | Queue | Villager (Male) |
| 5:28 | Queue | Villager (Male) |
| 5:28 | Queue | Villager (Male) |
| 6:16 | Build | Mill |
| 6:37 | Queue | Villager (Male) |
| 6:38 | Queue | Villager (Male) |
| 6:38 | Queue | Villager (Male) |
| 7:06 | Queue | Villager (Male) |
| 7:07 | Queue | Villager (Male) |
| 7:22 | Queue | Villager (Male) |
| 7:34 | Build | House |
| 7:37 | Build | House |
| 8:08 | Queue | Villager (Male) |
| 8:08 | Queue | Villager (Male) |
| 8:26 | Queue | Villager (Male) |
| 8:50 | Build | Mining Camp |
| 8:53 | Queue | Villager (Male) |
| 9:46 | Build | Mining Camp |
| 9:51 | Queue | Villager (Male) |
| 9:52 | Queue | Villager (Male) |
| 10:40 | Research | Feudal Age |
| 12:03 | Build | Farm |
| 12:03 | Build | Farm |
| 12:04 | Build | Farm |
| 12:04 | Build | Farm |
| 12:04 | Build | Farm |
| 12:05 | Build | Farm |
| 12:06 | Build | Farm |
| 12:08 | Build | Farm |
| 12:18 | Queue | Villager (Male) |
| 12:18 | Queue | Villager (Male) |
| 12:18 | Queue | Villager (Male) |
| 13:23 | Age | Feudal Age |
| 13:25 | Build | Market |
| 13:28 | Build | Blacksmith |
| 13:36 | Build | House |
| 13:40 | Build | House |
| 13:41 | Build | House |
| 13:44 | Build | House |
| 13:49 | Build | House |
| 14:16 | Research | Double-Bit Axe |
| 14:45 | Research | Castle Age |
| 14:51 | Build | Farm |
| 14:51 | Build | Farm |
| 14:52 | Build | Farm |
| 15:04 | Build | Farm |
| 15:08 | Build | Farm |
| 15:18 | Research | Horse Collar |
| 15:59 | Build | Farm |
| 17:02 | Queue | Villager (Male) |
| 17:02 | Queue | Villager (Male) |
| 17:02 | Queue | Villager (Male) |
| 17:25 | Age | Castle Age |
| 17:38 | Build | Castle |
| 18:36 | Queue | Villager (Male) |
| 18:52 | Build | Siege Workshop |
| 19:02 | Build | Mining Camp |
| 19:15 | Queue | Villager (Male) |
| 19:15 | Queue | Villager (Male) |
| 19:18 | Queue | Villager (Male) |
| 20:27 | Queue | Janissary |
| 20:38 | Queue | Villager (Male) |
| 20:49 | Research | Imperial Age |
| 21:08 | Build | Monastery |
| 21:18 | Build | University |
| 21:22 | Queue | Janissary |
| 21:23 | Queue | Janissary |
| 21:23 | Queue | Janissary |
| 21:23 | Queue | Janissary |
| 21:23 | Queue | Janissary |
| 21:24 | Queue | Janissary |
| 21:42 | Build | Farm |
| 21:43 | Build | Farm |
| 22:02 | Research | Fletching |
| 22:14 | Queue | Monk |
| 22:35 | Research | Padded Archer Armor |
| 22:40 | Research | Bodkin Arrow |
| 22:47 | Queue | Janissary |
| 22:47 | Queue | Janissary |
| 22:47 | Queue | Janissary |
| 23:20 | Queue | Janissary |
| 23:21 | Queue | Janissary |
| 23:21 | Queue | Janissary |
| 23:47 | Queue | Villager (Male) |
| 23:47 | Queue | Villager (Male) |
| 23:48 | Queue | Villager (Male) |
| 23:59 | Age | Imperial Age |
| 24:02 | Queue | Bombard Cannon |
| 24:02 | Queue | Bombard Cannon |
| 24:25 | Research | Bodkin Arrow |
| 24:34 | Queue | Bombard Cannon |
| 24:38 | Queue | Janissary |
| 24:39 | Queue | Janissary |
| 24:55 | Research | Gold Mining |
| 25:05 | Queue | Janissary |
| 25:05 | Queue | Janissary |
| 25:23 | Queue | Janissary |
| 25:23 | Queue | Janissary |
| 26:06 | Queue | Janissary |
| 26:06 | Queue | Janissary |
| 26:06 | Queue | Janissary |
| 26:07 | Queue | Janissary |
| 26:07 | Queue | Janissary |
| 26:31 | Queue | Bombard Cannon |
| 26:36 | Queue | Villager (Male) |
| 26:36 | Queue | Villager (Male) |
| 26:39 | Research | Loom |
| 26:46 | Research | Leather Archer Armor |
| 27:12 | Queue | Janissary |
| 27:12 | Queue | Janissary |
| 27:13 | Queue | Janissary |
| 27:22 | Build | Farm |
| 27:23 | Build | Farm |
| 27:30 | Queue | Villager (Male) |
| 27:58 | Build | House |
| 27:58 | Build | House |
| 27:59 | Build | House |
| 27:59 | Build | House |
| 28:00 | Build | House |
| 28:00 | Build | House |
| 28:01 | Build | House |
| 28:01 | Build | House |
| 28:01 | Build | House |
| 28:16 | Queue | Janissary |
Build order — Lord Frosch
First 150 of 356 actions detected
| 0:02 | Build | House |
| 0:04 | Build | House |
| 0:06 | Queue | Villager (Male) |
| 0:06 | Queue | Villager (Male) |
| 0:20 | Queue | Villager (Male) |
| 0:21 | Queue | Villager (Male) |
| 0:21 | Queue | Villager (Male) |
| 1:52 | Queue | Villager (Male) |
| 2:09 | Queue | Villager (Male) |
| 2:30 | Queue | Villager (Male) |
| 2:52 | Build | Mill |
| 2:54 | Queue | Villager (Male) |
| 3:17 | Queue | Villager (Male) |
| 3:57 | Queue | Villager (Male) |
| 4:06 | Build | Lumber Camp |
| 4:10 | Queue | Villager (Male) |
| 4:43 | Queue | Villager (Male) |
| 4:44 | Queue | Villager (Male) |
| 4:44 | Queue | Villager (Male) |
| 5:53 | Queue | Villager (Male) |
| 5:55 | Queue | Villager (Male) |
| 5:56 | Queue | Villager (Male) |
| 6:08 | Build | House |
| 6:13 | Build | House |
| 6:50 | Queue | Villager (Male) |
| 7:18 | Queue | Villager (Male) |
| 7:55 | Queue | Villager (Male) |
| 8:04 | Queue | Villager (Male) |
| 8:12 | Build | Mining Camp |
| 8:35 | Queue | Villager (Male) |
| 8:58 | Research | Feudal Age |
| 9:27 | Build | Farm |
| 9:28 | Build | Farm |
| 9:28 | Build | Farm |
| 9:47 | Queue | Villager (Male) |
| 9:52 | Queue | Villager (Male) |
| 11:23 | Age | Feudal Age |
| 11:27 | Build | Market |
| 11:34 | Build | Blacksmith |
| 12:08 | Queue | Villager (Male) |
| 12:26 | Build | House |
| 12:34 | Research | Castle Age |
| 13:10 | Build | Barracks |
| 13:18 | Research | Double-Bit Axe |
| 13:54 | Research | Horse Collar |
| 14:09 | Build | House |
| 14:14 | Build | House |
| 14:19 | Queue | Spearman |
| 14:19 | Queue | Spearman |
| 14:48 | Queue | Spearman |
| 15:18 | Age | Castle Age |
| 15:26 | Build | Town Center |
| 15:28 | Queue | Villager (Male) |
| 15:29 | Queue | Villager (Male) |
| 15:54 | Queue | Villager (Male) |
| 16:11 | Queue | Villager (Male) |
| 16:23 | Build | Town Center |
| 16:32 | Queue | Villager (Male) |
| 16:47 | Build | Castle |
| 17:00 | Build | Farm |
| 17:01 | Build | Farm |
| 17:01 | Build | Farm |
| 17:03 | Build | Farm |
| 17:04 | Queue | Villager (Male) |
| 17:04 | Queue | Villager (Male) |
| 17:05 | Queue | Villager (Male) |
| 17:52 | Queue | Villager (Male) |
| 18:09 | Build | Farm |
| 18:10 | Build | Farm |
| 18:13 | Queue | Villager (Male) |
| 18:13 | Queue | Villager (Male) |
| 18:13 | Queue | Villager (Male) |
| 18:14 | Queue | Villager (Male) |
| 18:14 | Queue | Villager (Male) |
| 18:14 | Queue | Villager (Male) |
| 18:24 | Build | Farm |
| 18:27 | Build | Farm |
| 18:28 | Build | Farm |
| 18:30 | Queue | Villager (Male) |
| 18:30 | Queue | Villager (Male) |
| 18:30 | Queue | Villager (Male) |
| 18:42 | Build | Farm |
| 18:44 | Build | Farm |
| 18:44 | Build | Farm |
| 18:49 | Build | Farm |
| 18:56 | Build | Farm |
| 18:57 | Queue | Villager (Male) |
| 18:57 | Queue | Villager (Male) |
| 18:57 | Queue | Villager (Male) |
| 19:19 | Queue | Villager (Male) |
| 19:38 | Queue | Villager (Male) |
| 19:39 | Queue | Villager (Male) |
| 19:47 | Build | Farm |
| 19:48 | Build | Farm |
| 19:55 | Queue | Villager (Male) |
| 20:03 | Queue | Villager (Male) |
| 20:03 | Queue | Villager (Male) |
| 20:03 | Queue | Villager (Male) |
| 20:14 | Build | Mill |
| 20:25 | Build | Mill |
| 20:33 | Build | Farm |
| 20:33 | Build | Farm |
| 20:33 | Build | Farm |
| 20:34 | Build | Farm |
| 20:36 | Build | Farm |
| 20:37 | Queue | Villager (Male) |
| 20:38 | Queue | Villager (Male) |
| 20:38 | Queue | Villager (Male) |
| 20:38 | Queue | Villager (Male) |
| 20:38 | Queue | Villager (Male) |
| 21:00 | Build | Lumber Camp |
| 21:04 | Queue | Villager (Male) |
| 21:05 | Queue | Villager (Male) |
| 21:05 | Queue | Villager (Male) |
| 21:12 | Build | Farm |
| 21:24 | Research | Bow Saw |
| 21:34 | Build | Mill |
| 21:38 | Build | Farm |
| 21:38 | Build | Farm |
| 21:38 | Build | Farm |
| 21:39 | Build | Farm |
| 21:39 | Build | Farm |
| 21:39 | Build | Farm |
| 21:40 | Build | Farm |
| 21:41 | Build | Farm |
| 21:43 | Queue | Villager (Male) |
| 21:43 | Queue | Villager (Male) |
| 21:43 | Queue | Villager (Male) |
| 21:44 | Queue | Villager (Male) |
| 21:44 | Queue | Villager (Male) |
| 22:01 | Queue | Villager (Male) |
| 22:10 | Build | Farm |
| 22:11 | Build | Farm |
| 22:11 | Build | Farm |
| 22:11 | Build | Farm |
| 22:12 | Build | Farm |
| 22:12 | Build | Farm |
| 22:14 | Queue | Villager (Male) |
| 22:15 | Queue | Villager (Male) |
| 22:15 | Queue | Villager (Male) |
| 22:15 | Queue | Villager (Male) |
| 22:19 | Queue | Villager (Male) |
| 22:25 | Build | Farm |
| 22:27 | Queue | Villager (Male) |
| 22:27 | Queue | Villager (Male) |
| 22:44 | Queue | Villager (Male) |
| 22:49 | Build | Farm |
| 23:07 | Queue | Villager (Male) |
| 23:18 | Build | Farm |
| 23:20 | Queue | Villager (Male) |
Match timeline
| 11:23 | Lord Frosch · age_up feudal |
| 13:10 | Lord Frosch · first_building Barracks |
| 13:23 | RH450 · age_up feudal |
| 15:18 | Lord Frosch · age_up castle |
| 16:47 | Lord Frosch · first_building Castle |
| 17:25 | RH450 · age_up castle |
| 17:38 | RH450 · first_building Castle |
| 18:52 | RH450 · first_building Siege Workshop |
| 20:44 | RH450 · first_market_sell 100 wood |
| 21:08 | RH450 · first_building Monastery |
| 23:59 | RH450 · age_up imperial |
| 25:38 | Lord Frosch · first_market_sell 100 wood |
| 26:03 | Lord Frosch · first_building Stable |
| 28:42 | RH450 · first_market_buy 100 food |
| 29:20 | Lord Frosch · age_up imperial |
| 34:18 | RH450 · first_building Barracks |
| 35:10 | Lord Frosch · first_building Siege Workshop |
| 35:27 | RH450 · first_building Stable |
| 44:33 | RH450 · resign |
[ AI ANALYSIS · 1 CREDIT ]
What really happened in this match?
Wolo.gg analyzes every decision: build order, eco, micro, common mistakes by bracket. Personalized analysis on WhatsApp or Discord in 30 seconds.
Civ guide
Turks
Perfil
Jugador #10596640